 Dungeon Crawl Stone Soup version 0.31-a0-690-g7ce4588941 (webtiles) character file.

Game seed: 7587739815761979372

36 Essalna the Conjurer (level 3, 24/24 HPs)
             Began as a Demonspawn Conjurer on Sept 6, 2023.
             Got out of the dungeon alive.
             The game lasted 00:01:59 (1758 turns).

Essalna the Conjurer (Demonspawn Conjurer)          Turns: 1758, Time: 00:01:59

Health: 24/24      AC:  2    Str:  9    XL:     3   Next: 19%
Magic:  7/7        EV: 12    Int: 21    God:
Gold:   69         SH:  0    Dex: 11    Spells: 6/7 levels left

rFire   . . .        h - +6 whip "Siloah" {flame, rPois Str+2}
rCold   . . .        (no shield)
rNeg    . . .        a - +0 robe
rPois   +            (no helmet)
rElec   .            (no cloak)
rCorr   .            (no gloves)
SInv    .            (no boots)
Will    .....        (no amulet)
Stlth   ++           (no ring)
HPRegen 0.24/turn    (no ring)
MPRegen 0.10/turn

%: no passive effects
@: no status effects
A: demonic guardian 1, foul stench 1
a: no special abilities


You escaped.
You visited 1 branch of the dungeon, and saw 2 of its levels.

You collected 69 gold pieces.

Inventory:

Hand Weapons
 e - a +0 short sword
 h - the +6 whip "Siloah" (weapon) {flame, rPois Str+2}
   (You found it on level 2 of the Dungeon)

   Str+2:     It affects your strength (+2).
   rPois:     It protects you from poison
Armour
 a - a +0 robe (worn)
Scrolls
 c - a scroll of identify {unknown}
 g - a scroll of vulnerability {unknown}
Potions
 b - a potion of magic
 d - a potion of curing {unknown}
 f - a potion of enlightenment {unknown}


   Skills:
 - Level 1.7 Dodging
 - Level 1.7 Stealth
 + Level 2.8 Spellcasting
 + Level 4.5 Conjurations


You had 6 spell levels left.
You knew the following spells:

 Your Spells              Type           Power      Damage    Failure   Level
a - Magic Dart            Conj           88%        1d7       1%          1

Your spell library contained the following spells:

 Spells                   Type           Power      Damage    Failure   Level
 Searing Ray              Conj           44%        2d6       3%          2
 Dazzling Flash           Conj/Hex       24%        N/A       16%         3
 Fulminant Prism          Conj/Hex       6%         3d7       47%         4
 Iskenderun's Mystic Bla  Conj/Tloc      12%        2d5       47%         4


Dungeon Overview and Level Annotations

Branches:
Dungeon (2/15)

Altars:

Shops:
D:2 !


Innate Abilities, Weirdness & Mutations

A weak demonic guardian rushes to your aid.
You may rarely emit foul miasma when damaged in melee.


Message History

There are no items here.
There are no items here.
You feel stronger.
The +6 whip "Siloah" {flame, rPois Str+2} bursts into flame!
h - the +6 whip "Siloah" (weapon)
{flame, rPois Str+2} An adder comes into view.
The helpless adder fails to defend itself.
You hit the adder. You burn the adder.
The adder is severely wounded.
The adder closely misses you. The adder bites you.
You emit a cloud of foul miasma!
You barely miss the adder.
The adder is severely wounded.
The adder is engulfed in dark miasma.
The adder is poisoned.
The adder misses you.
You barely miss the adder.
The adder is almost dead.
The adder is engulfed in dark miasma.
The adder looks even sicker.
The adder seems to slow down.
You kill the adder!
You have reached level 3!
Your experience leads to an increase in your attributes!
Your base attributes are Str 7, Int 19, Dex 11.
Increase (S)trength, (I)ntelligence, or (D)exterity?
You feel clever. x2; Your demonic ancestry asserts itself...
You feel the presence of a demonic guardian.
Unknown command.
Unknown command.
You see here an adder corpse.
Found a scroll labelled SIDUIV APTEROI.
HP restored.
There is an open door here.
There is an open door here.
There is an open door here.
There is an open door here.
There is a stone staircase leading up here.
You climb upwards.
There is a stone staircase leading down here.
There is a staircase leading out of the dungeon here.
You have escaped!

...............≈.≈......#.#.####.
.###########.........#..#.#.# #.
.# #..#...#..##.#.#.# #. .#
#.........##.#.#.# #. .#
#.........##.#.#.####.
############..#...#..##.#.#......
..##.......#.........##.#.#.#####
#.##.......#.........##.#.#######
..[........#....@....##.#........
..##.......############.#########
..##.......# ###### #..#........
..##.......# #....###'##########
..##.......# #.####≈≈~≈≈##......
..#####.#### #.# #≈~≈~≈####.###
..# #.# #####.####~≈~≈~#....# #.#
#.# #.....#..#≈~≈~≈######## ..#
#.###.#####.####'###......#


There were no monsters in sight!

Vanquished Creatures
  An adder (D:2)
  3 ball pythons
  2 endoplasms (D:1)
  2 giant cockroaches (D:1)
  4 goblins
  3 hobgoblins
  3 kobolds (D:1)
  A quokka (D:1)
  2 bats
  2 frilled lizards
  A rat (D:1)
24 creatures vanquished.

Notes
Turn   | Place    | Note
-------+----------+-------------------------------------------
     0 | D:1      | Essalna the Demonspawn Conjurer began the quest for the
                  | Orb.
     0 | D:1      | Reached XP level 1. HP: 13/13 MP: 3/3
   263 | D:1      | Gained mutation: You may rarely emit foul miasma when
                  | damaged in melee. [demonic ancestry]
   263 | D:1      | Reached XP level 2. HP: 19/19 MP: 1/5
   892 | D:1      | Found a faded altar of an unknown god.
  1407 | D:2      | Found Pawi's Distillery.
  1631 | D:2      | Identified the +6 whip "Siloah" {flame, rPois Str+2}
  1643 | D:2      | Gained mutation: A weak demonic guardian rushes to your
                  | aid. [demonic ancestry]
  1643 | D:2      | Reached XP level 3. HP: 22/24 MP: 7/7
  1758 | D:$      | Got out of the dungeon alive.

Illustrated notes

Levels and vault maps discovered:
D:1:      shiori_arrival_oz, layout_basic, ebering_ecumenical_altar_webs,
          st_stairs_5, chequers_serial_rivers_room_b
D:2:      layout_loops_corners, serial_shops, shop, basic_altar,
          dreamdust_princess_bridge, uniq_sigmund, uniq_terence

Action                     || total
---------------------------++-------
  Melee: Short sword       ||    16
         Whip              ||     3
   Cast: Magic Dart        ||    34
   Stab: Sleeping          ||     1
 Armour: Robe              ||     5
  Dodge: Dodged            ||     8

Table legend: (Time is in decaauts)
 A = Elapsed time spent in this place.
 B = Non-inter-level travel time spent in this place.
 C = Inter-level travel time spent in this place.
 D = Time resting spent in this place.
 E = Time spent auto-exploring this place.
 F = Levels seen in this place.
 G = Mean time per level.
                   A        B        C        D        E       F      G
               +--------+--------+--------+--------+--------+-----+--------+
         Total |   1759 |   1589 |    170 |      0 |   1468 |   2 |  879.5 |
       Dungeon |   1759 |   1589 |    170 |      0 |   1468 |   2 |  879.5 |
               +--------+--------+--------+--------+--------+-----+--------+

Top non-repeatable levels by time:
     D:1: 1441 daAuts
     D:2: 318 daAuts
